 Dungeon Crawl Stone Soup version 0.31.0-1-g2c135a008e (webtiles) character file.

Game seed: 7403158479720266968

34 qw the Shooter (level 3, -2/29 HPs)
             Began as a Djinni Hunter on Jan 23, 2024.
             Slain by a rat (3 damage)
             ... on level 3 of the Dungeon.
             The game lasted 00:00:03 (861 turns).

qw the Shooter (Djinni Hunter)                       Turns: 861, Time: 00:00:03

Health: -2/29      AC:  3    Str: 10    XL:     3   Next: 50%
Gold:   58         EV: 12    Int: 10    God:
                   SH:  0    Dex: 18

rFire   + + .        a - +1 shortbow
rCold   x . .        (shield currently unavailable)
rNeg    . . .        c - +0 leather armour
rPois   inf          (no helmet)
rElec   .            (no cloak)
rCorr   .            (no gloves)
SInv    .            (boots unavailable)
Will    .....        (no amulet)
Stlth   ++           (no ring)
HPRegen 0.24/turn    (no ring)
MPRegen 0.00/turn

%: infuse magic (-3 HP)
@: flying
A: sickness immunity, fire resistance 2, cold vulnerability 1, float, innate
caster, HP casting, extra vitality 1
a: no special abilities


You were on level 3 of the Dungeon.
You visited 1 branch of the dungeon, and saw 3 of its levels.

You collected 58 gold pieces.


Innate Abilities, Weirdness & Mutations

You are immune to sickness and miasma.
You are immune to poison.
Your flesh is very heat resistant. (rF++)
You are vulnerable to cold. (rC-)
You float through the air rather than walking.
You learn spells naturally, not from books.
Your magical power is your life essence.
You have superior vitality. (+4 MHP)


   Skills:
 + Level 2.5 Fighting
 - Level 4.0 Ranged Weapons
 - Level 2.1 Dodging
 - Level 0.7 Stealth


You knew the following spells:

 Your Spells              Type           Power      Damage    Failure   Level
a - Apportation           Tloc           0%         N/A       45%         1
Your spell library was empty.

Inventory:

Hand Weapons
 a - a +1 shortbow (weapon)
Armour
 c - a +0 leather armour (worn)
Scrolls
 f - a scroll of torment {unknown}
Potions
 d - a potion of enlightenment {unknown}
 e - 2 potions of lignification {unknown}
 i - 3 potions of cancellation {unknown}

Dungeon Overview and Level Annotations

Branches:
Dungeon (2/15)

Altars:


Message History

The orc wizard flickers and vanishes!
Deactivating autopickup; reactivate with Ctrl-A.
You shoot an arrow. The arrow hits the orc.
You kill the orc!
The orc hits you with a +0 dagger. The rat bites you.
A kobold comes into view. It is wielding a +0 dagger.
Something hits you but does no damage.
An orc comes into view. It is wielding a +0 flail.
You shoot an arrow. The orc shouts!
The arrow hits the orc!
You kill the orc!
You hear a shout! x2
The rat bites you.
A rat comes into view.
The orc throws a boomerang.
The boomerang closely misses you. Something hits you.
You shoot an arrow. The arrow hits the rat.
You kill the rat!
You hear some strange, mumbled words.
Something tries to affect you, but you resist.
The orc closely misses you.
You shoot an arrow. The arrow hits the orc.
The orc is almost dead.
The orc barely misses you. The rat closely misses you.
The orc hits you from afar with a +0 trident.
Something hits you.
An orc comes into view. It is wielding a +0 club.
You shoot an arrow. The arrow hits the orc!
You kill the orc!
Something hits you. The rat misses you. The orc closely misses you.
The orc hits you from afar with a +0 trident.
You shoot an arrow. The arrow hits the orc!
The orc is almost dead.
Something hits you. The rat barely misses you. The orc hits you with a +0 club.
The orc hits you from afar with a +0 trident.
You shoot an arrow. The arrow hits the orc.
You kill the orc!
The rat bites you.
You die...

#.#..#
.....
###....###
........
##...#.#
#..o...
##.Kr###.#
#.{@.....#
##)#)......
... ..#.###
#.##. #.#
.. # .. .#
# #o .# #.
# #.


You could see 2 orcs, a kobold and a rat.

Vanquished Creatures
  2 dart slugs
  A ribbon worm (D:2)
  4 orcs (D:3)
  A ball python (D:2)
  2 endoplasms
  2 goblins
  2 hobgoblins (D:1)
  2 quokkas (D:1)
  4 bats
  2 frilled lizards
  A kobold (D:1)
  2 rats
25 creatures vanquished.

Notes
Turn   | Place    | Note
-------+----------+-------------------------------------------
     0 | D:1      | qw the Djinni Hunter began the quest for the Orb.
     0 | D:1      | Reached XP level 1. HP: 18/18 MP: 0/0
     0 | D:1      | 0 ||| qw: Version: 0.3-a-136-gdd3b4e8
     0 | D:1      | 0 ||| qw: Game counter: 1058
     0 | D:1      | 0 ||| qw: Melee chars always use a shield: true
     0 | D:1      | 0 ||| qw: God list: Okawaru
     0 | D:1      | 0 ||| qw: Allow faded altars: false
     0 | D:1      | 0 ||| qw: Do Orc after clearing Dungeon:15 true
     0 | D:1      | 0 ||| qw: Do second Lair branch before Depths: true
     0 | D:1      | 0 ||| qw: Lair rune preference: random
     0 | D:1      | 0 ||| qw: Goals: Normal
     0 | D:1      | 0 ||| PLANNING D:1-11
   107 | D:1      | Reached XP level 2. HP: 19/23 MP: 0/0
   425 | D:1      | 425 ||| READING scroll labelled HOZERGH QIJEJUHI.
   426 | D:1      | 426 ||| READING scroll labelled DASHRI JEWIVIF.
   427 | D:1      | 427 ||| READING scroll labelled PYTIUT NANURER UPA.
   528 | D:1      | 528 ||| READING scroll labelled DURUR UCZAEDD.
   528 | D:1      | 528 ||| ENCHANTING +0 shortbow.
   529 | D:1      | 529 ||| DROPPING scroll of butterflies.
   665 | D:2      | Reached skill level 4 in Ranged Weapons
   665 | D:2      | Reached XP level 3. HP: 28/28 MP: 0/0
   665 | D:2      | Learned a level 1 spell: Apportation
   698 | D:2      | You are sucked into a shaft and drop 1 floor!
   850 | D:3      | 850 ||| READING scroll labelled LEGGOGRITIOCS.
   859 | D:3      | HP: 7/29 [orc/+0 trident (4)]
   860 | D:3      | HP: 1/29 [orc/+0 trident (5)]
   861 | D:3      | Slain by a rat

Levels and vault maps discovered:
D:1:      minmay_arrival_hallway, layout_rooms, hangedman_decor_riveting
D:2:      layout_rooms, serial_shops, nicolae_shop_tiny_glass
D:3:      layout_basic, mainiacjoe_overflow_tiny_flanked

Skill      XL: |  1  2 |
---------------+-------+-----
Ranged Weapons | 4 |  4.0
Fighting       | |  2.5
Dodging        | |  2.1
Stealth        | |  0.7

Action                     || total
---------------------------++-------
   Fire: Shortbow          ||    84
    Use: Scroll            ||     5
 Armour: Leather armour    ||    31
  Dodge: Dodged            ||    32

Table legend:
 A = Non-vault XP
 B = Vault XP
 C = Vault XP percentage of total XP
 D = Non-vault monster count
 E = Vault monster count
 F = Vault count percentage of total count
                 A         B        C        D         E       F
            +---------+---------+-------+---------+---------+-------
      Total |      52 |       0 |   0.0 |      25 |       0 |   0.0
            +---------+---------+-------+---------+---------+-------
        D:1 |      20 |       0 |   0.0 |      11 |       0 |   0.0
        D:2 |      15 |       0 |   0.0 |       6 |       0 |   0.0
        D:3 |      17 |       0 |   0.0 |       8 |       0 |   0.0
            +---------+---------+-------+---------+---------+-------
